 Dungeon Crawl Stone Soup version 0.20.1-1-g8b1a95d (webtiles) character file.

8337 vineage the Blocker (level 11, -10/67 HPs)
             Began as a Gargoyle Fighter on Oct 6, 2017.
             Was a High Priest of Okawaru.
             Mangled by a two-headed ogre
             ... wielding a +0 giant spiked club
              (18 damage)
             ... on level 9 of the Dungeon.
             The game lasted 00:14:58 (8522 turns).

vineage the Blocker (Gargoyle Fighter)              Turns: 8522, Time: 00:14:59

Health: -10/67     AC: 16    Str: 22    XL:     11   Next: 29%
Magic:  11/11      EV: 12    Int:  9    God:    Okawaru [*****.]
Gold:   627        SH: 15    Dex: 12    Spells: 10/10 levels left

rFire    . . .     SeeInvis .   H - +1 eveningstar of Leseodgho {drain, rElec rN+}
rCold    . . .     Gourm    .   K - +3 shield
rNeg     + + .     Faith    +   j - +1 ring mail {rPois}
rPois    ∞         Spirit   .   u - +0 helmet
rElec    +         Reflect  .   v - scarf of the Great Game {Dex+2}
rCorr    .         Harm     .   (no gloves)
MR       .....                  (no boots)
Stlth    ++........             n - amulet of faith
Regen    0.3/turn               C - ring of wizardry
MPRegen  0.2/turn               (no ring)

@: no status effects
A: negative energy resistance 1, electricity resistance, unbreathing,
petrification resistance, rot immunity, AC +7
a: Heroism, Finesse, Renounce Religion


You were on level 9 of the Dungeon.
You worshipped Okawaru.
Okawaru was extremely pleased with you.
You were hungry.

You visited 2 branches of the dungeon, and saw 10 of its levels.
You also visited: Sewer.

You collected 627 gold pieces.

Inventory:

Hand Weapons
 a - a +0 flail
 d - a +1 whip of freezing
 o - a +0 flail of holy wrath
 H - the +1 eveningstar of Leseodgho (weapon) {drain, rElec rN+}
   (You acquired it on level 7 of the Dungeon)

   A truly terrible weapon, it drains the life of those it strikes.
   It insulates you from electricity.
   It protects you from negative energy.
Armour
 b - a +0 scale mail
 c - a +2 shield
 j - a +1 ring mail of poison resistance (worn)
 q - a +0 cloak
 u - a +0 helmet (worn)
 v - the scarf of the Great Game (worn) {Dex+2}
   (You acquired it on level 7 of the Dungeon)

   It affects your dexterity (+2).
 K - a +3 shield (worn)
Jewellery
 n - an amulet of faith (around neck)
 C - a ring of wizardry (left hand)
Wands
 p - a wand of flame (40/48)
 r - a wand of digging (8/24)
 t - a wand of clouds (6/9)
Scrolls
 i - 5 scrolls of teleportation
 m - a scroll of fear
 y - 3 scrolls of magic mapping
 z - 3 scrolls of blinking
 A - 2 scrolls of identify
 E - 2 scrolls of fog
 G - 3 scrolls of remove curse
 I - a scroll of immolation {unknown}
Potions
 e - 3 potions of lignification
 g - 4 potions of heal wounds
 h - 5 potions of curing
 w - a potion of magic
 x - a potion of haste
 B - 2 potions of brilliance
 D - 2 potions of flight
 F - a potion of berserk rage
 J - a potion of mutation {unknown}
Comestibles
 f - 3 bread rations
 k - 4 royal jellies
 l - 4 meat rations


   Skills:
 + Level 7.0 Fighting
 + Level 10.5 Maces & Flails
 + Level 6.6 Armour
 + Level 4.9 Dodging
 + Level 3.1 Stealth
 + Level 10.6 Shields
 + Level 0.2 Invocations


You had 10 spell levels left.
You didn't know any spells.

Dungeon Overview and Level Annotations

Branches:
Dungeon (9/15)             Temple (1/1) D:4
   Lair: D:8-11         Orc: D:9-12

Altars:
Ashenzari
Cheibriados
Dithmenos
Elyvilon
Fedhas
Gozag
Hepliaklqana
Kikubaaqudgha
Makhleb
Nemelex Xobeh
Okawaru
Qazlal
Trog
Vehumet
Xom
Yredelemnul
Zin


Innate Abilities, Weirdness & Mutations

You are resistant to torment.
Your stone body is resilient. (AC +7)
You are immune to poison.
You resist negative energy. (rN+)
You are resistant to electric shocks. (rElec)
You can survive without breathing.
You are immune to petrification.
You are immune to rotting.


Message History

You puncture the two-headed ogre! You drain the two-headed ogre!
The two-headed ogre is moderately wounded.
You block the two-headed ogre's attack.
The two-headed ogre hits you but does no damage.
You barely miss the two-headed ogre.
The two-headed ogre is moderately wounded.
You hit the two-headed ogre.
The two-headed ogre is moderately wounded.
The two-headed ogre hits you with a giant spiked club!!
The two-headed ogre hits you with a giant club!!
* * * LOW HITPOINT WARNING * * *
You hit the two-headed ogre. You drain the two-headed ogre!
The two-headed ogre is heavily wounded.
The two-headed ogre hits you with a giant spiked club.
* * * LOW HITPOINT WARNING * * *
The two-headed ogre barely misses you.
You barely miss the two-headed ogre.
The two-headed ogre is heavily wounded.
The two-headed ogre hits you with a giant spiked club!!
You die...

.# .#
####.#####
#........##
#..........
#......$.#
#........#
#..@)....#
#.....O.....#
####.....$[.#
####.##### .#
.# .# .#


You could see a two-headed ogre.

Vanquished Creatures
  4 two-headed ogres
  The ghost of Elmdore the Slinger, a novice HaHu (D:6)
  Pikel (D:4)
  A gargoyle (D:8)
  A troll (D:8)
  2 hippogriffs
  A wyvern (D:8)
  2 ice beasts
  2 black bears (D:8)
  2 necrophages
  An orc warrior (D:8)
  2 phantoms
  4 ogres
  4 centaurs
  2 big kobolds (D:8)
  5 bullfrogs
  2 scorpions
  3 killer bees (D:7)
  3 wights (D:8)
  2 howler monkeys
  4 electric eels (D:7)
  5 crimson imps
  A bullfrog zombie (D:7)
  A centaur zombie (D:5)
  4 hounds
  3 centaur skeletons
  2 orc priests (D:8)
  Crazy Yiuf (D:2)
  A bullfrog skeleton (D:7)
  2 iguanas (D:8)
  6 orc wizards
  6 worker ants
  3 killer bee zombies
  A hound zombie (D:5)
  2 hound skeletons (D:7)
  10 gnolls
  16 adders
  3 river rats (Sewer)
  An ooze (D:1)
  An adder skeleton (D:5)
  14 dart slugs
  6 leopard geckos
  16 orcs
  5 giant cockroaches
  8 goblins
  5 hobgoblins
  6 jackals
  3 quokkas
  14 ball pythons
  5 bats
  6 frilled lizards
  20 kobolds
  29 rats
255 creatures vanquished.

Vanquished Creatures (others)
  A hound (D:4)
  A dart slug (D:7)
  A plant (D:2)
3 creatures vanquished.

Grand Total: 258 creatures vanquished

Notes
Turn   | Place    | Note
-------+----------+-------------------------------------------
     0 | D:1      | vineage the Gargoyle Fighter began the quest for the Orb.
     0 | D:1      | Reached XP level 1. HP: 14/14 MP: 1/1
   131 | D:1      | Reached XP level 2. HP: 19/19 MP: 2/2
   195 | D:1      | Reached XP level 3. HP: 23/23 MP: 3/3
   645 | D:2      | Reached XP level 4. HP: 28/29 MP: 4/4
   811 | D:2      | Found a runed door.
  1753 | D:2      | Noticed Crazy Yiuf
  1763 | D:2      | Killed Crazy Yiuf
  1763 | D:2      | Reached XP level 5. HP: 15/33 MP: 5/5
  2581 | D:4      | Reached skill level 1 in Dodging
  2581 | D:4      | Reached XP level 6. HP: 30/38 MP: 6/6
  2635 | D:4      | Reached skill level 5 in Shields
  2726 | D:4      | Noticed a slave
  2726 | D:4      | Noticed a slave
  2727 | D:4      | Noticed a slave
  2727 | D:4      | Found a staircase to the Ecumenical Temple.
  2727 | D:4      | Noticed Pikel
  2728 | D:4      | Noticed a slave
  2763 | D:4      | Killed Pikel
  2763 | D:4      | Reached skill level 1 in Stealth
  2763 | D:4      | Reached XP level 7. HP: 23/44 MP: 7/7
  2789 | Temple   | Entered the Ecumenical Temple
  2796 | Temple   | Became a worshipper of Warmaster Okawaru
  3022 | D:4      | Found a bloodstained altar of Trog.
  3164 | D:4      | Reached skill level 5 in Armour
  3164 | D:4      | Reached XP level 8. HP: 38/48 MP: 8/8
  3236 | D:4      | Reached skill level 5 in Maces & Flails
  3480 | D:5      | Entered Level 5 of the Dungeon
  3531 | D:5      | Reached skill level 5 in Fighting
  3703 | D:5      | Found a glowing drain.
  3728 | Sewer    | Entered a sewer
  4175 | Sewer    | Reached * piety under Okawaru
  4814 | D:6      | Found a blossoming altar of Fedhas.
  5169 | D:6      | Reached XP level 9. HP: 54/54 MP: 9/9
  5200 | D:6      | Noticed Elmdore's ghost (novice HaHu)
  5253 | D:6      | Killed Elmdore's ghost
  5253 | D:6      | Reached ** piety under Okawaru
  6828 | D:7      | Reached *** piety under Okawaru
  6828 | D:7      | Reached XP level 10. HP: 54/60 MP: 10/10
  7022 | D:7      | Identified 2 scrolls of acquirement
  7025 | D:7      | Got a twisted scarf
  7029 | D:7      | Got an ancient eveningstar
  7030 | D:7      | Identified the +1 eveningstar of Leseodgho {drain, rElec rN+} (You acquired it on level 7 of the Dungeon)
  7043 | D:7      | Identified the scarf of the Great Game {Dex+2} (You acquired it on level 7 of the Dungeon)
  7290 | D:8      | Noticed a two-headed ogre
  7298 | D:8      | Killed a two-headed ogre
  7298 | D:8      | Reached **** piety under Okawaru
  7304 | D:8      | Noticed a two-headed ogre
  7308 | D:8      | Killed a two-headed ogre
  7702 | D:8      | Reached ***** piety under Okawaru
  7709 | D:8      | Reached skill level 10 in Shields
  7737 | D:8      | Noticed a gargoyle
  7748 | D:8      | Killed a gargoyle
  7864 | D:8      | Noticed a two-headed ogre
  7869 | D:8      | Killed a two-headed ogre
  7869 | D:8      | Received a gift from Okawaru
  7869 | D:8      | Reached skill level 10 in Maces & Flails
  7869 | D:8      | Reached XP level 11. HP: 29/66 MP: 11/11
  8450 | D:9      | Noticed a two-headed ogre
  8450 | D:9      | Noticed a two-headed ogre
  8517 | D:9      | Killed a two-headed ogre
  8522 | D:9      | Mangled by a two-headed ogre

Skill      XL: |  1  2  3  4  5  6  7  8  9 10 11 |
---------------+----------------------------------+-----
Shields        | 4 6 7 9 10 | 10.6
Armour         | 4 5 6 |  6.6
Fighting       | 4 5 6 7 |  7.0
Maces & Flails | 3 4 6 8 10 | 10.5
Dodging        | 1 2 3 4 |  4.9
Stealth        | 1 3 |  3.1
Invocations    | |  0.2

Action                   |  1- 3 |  4- 6 |  7- 9 | 10-12 || total
-------------------------+-------+-------+-------+-------++-------
Melee: Flail             |    88 |   216 |       |       ||   304
       Whip              |       |       |   795 |    37 ||   832
       Eveningstar       |       |       |       |   183 ||   183
Invok: Heroism           |       |       |     2 |       ||     2
  Use: Scroll            |       |     7 |     6 |    10 ||    23
       Potion            |       |     1 |     4 |     2 ||     7
 Stab: Sleeping          |       |       |       |     1 ||     1
  Eat: Chunk             |       |     6 |    14 |       ||    20
       Fruit             |       |       |     1 |       ||     1
       Meat ration       |       |       |       |     1 ||     1
Armor: Scale mail        |    67 |    42 |       |       ||   109
       Ring mail         |       |   102 |   308 |    65 ||   475
Dodge: Dodged            |    35 |    74 |   351 |    90 ||   550
Block: Shield            |    51 |   159 |   562 |   179 ||   951
